IL
SCRANTON WB RAILRIDERS @ DURHAM BULLS
09/06/2047
 
TOP OF THE 1ST
Scranton WB RailRiders batting - Pitching for Durham Bulls : RHP Scott Shank
Pitching: RHP Scott Shank
Batting: RHB Devon Utley 0-0: Ground out 6-3 (Groundball, 6, EV 83.8 MPH)
Batting: SHB Edwin Dominguez 0-0: Swinging Strike
0-1: Ball
1-1: Ball
2-1: Called Strike
2-2: Ball
3-2: Base on Balls
Batting: SHB Mukhtar Wa'il 0-0: Foul Ball, location: 2F
0-1: Swinging Strike
0-2: Hit by Pitch
Edwin Dominguez to second
Batting: SHB Victor Ruiz 0-0: Called Strike
0-1: Ball
1-1: Ball
2-1: Called Strike
2-2: Ball
3-2: Foul Ball, location: 2F
3-2: Strikes out looking
Batting: LHB Aaron Joyner 0-0: Called Strike
0-1: Fly out, F9 (Flyball, 89D, EV 103.1 MPH)
Top of the 1st over - 0 runs, 0 hits, 0 errors, 2 left on base; Scranton WB 0 - Durham 0
BOTTOM OF THE 1ST
Durham Bulls batting - Pitching for Scranton WB RailRiders : RHP Jason Sterner
Pitching: RHP Jason Sterner
Batting: RHB Nick Sharp 0-0: Called Strike
0-1: Swinging Strike
0-2: Ball
1-2: Strikes out swinging
Batting: LHB Mark Marvin 0-0: Ball
1-0: Fly out, F9 (Flyball, 89D, EV 101.9 MPH)
Batting: SHB Lou Kroneman 0-0: Called Strike
0-1: Ball
1-1: Called Strike
1-2: Strikes out looking
Bottom of the 1st over - 0 runs, 0 hits, 0 errors, 0 left on base; Scranton WB 0 - Durham 0
TOP OF THE 2ND
Scranton WB RailRiders batting - Pitching for Durham Bulls : RHP Scott Shank
Batting: RHB Mike Gifford 0-0: Foul Ball, location: 2F
0-1: Called Strike
0-2: Strikes out looking
Batting: LHB Jose Lebron 0-0: Ball
1-0: Ball
2-0: Ball
3-0: Base on Balls
Batting: SHB Joe Fure 0-0: Called Strike
0-1: Ball
1-1: Foul Ball, location: 2F
1-2: SINGLE (Line Drive, 8LS, EV 91.9 MPH)
Jose Lebron to second
Batting: RHB Johannes Gutermuth 0-0: Fielders Choice at 2nd, 4-6 (Groundball, 4S, EV 92.5 MPH)
Jose Lebron to third
Batting: RHB Devon Utley 0-0: Foul Ball, location: 2F
0-1: Foul Ball, location: 2F
0-2: Strikes out swinging
Top of the 2nd over - 0 runs, 1 hit, 0 errors, 2 left on base; Scranton WB 0 - Durham 0
BOTTOM OF THE 2ND
Durham Bulls batting - Pitching for Scranton WB RailRiders : RHP Jason Sterner
Batting: RHB David Ward 0-0: SINGLE (Line Drive, 78S, EV 99.4 MPH)
Batting: LHB Davion Lewis 0-0: Called Strike
0-1: Swinging Strike
0-2: Fielders Choice at 2nd, 1-6 (Groundball, 34S, EV 72.5 MPH)
Batting: LHB Jake Rheaume 0-0: Ground out 4-3 (Groundball, 34, EV 85.0 MPH)
Davion Lewis to second
Batting: RHB Jeff Brower 0-0: Ball
1-0: Called Strike
1-1: Swinging Strike
1-2: SINGLE (Line Drive, 8LS, EV 98.8 MPH)
Davion Lewis to third
Runner from 3rd tries for Home, SAFE, throw by CF to home
Batting: RHB Jonathan Fraire 0-0: Called Strike
0-1: Ball
1-1: SINGLE (Line Drive, 5D, EV 100.0 MPH)
Jeff Brower to second
Batting: LHB Mario Ocana 0-0: Fielders Choice at 2nd, 6-4 (Groundball, 6, EV 81.9 MPH)
Bottom of the 2nd over - 1 run, 3 hits, 0 errors, 2 left on base; Scranton WB 0 - Durham 1
TOP OF THE 3RD
Scranton WB RailRiders batting - Pitching for Durham Bulls : RHP Scott Shank
Batting: SHB Edwin Dominguez 0-0: Ground out 4-3 (Groundball, 34D, EV 104.4 MPH)
Batting: SHB Mukhtar Wa'il 0-0: Ball
1-0: Ball
2-0: Foul Ball, location: 2F
2-1: Foul Ball, location: 2F
2-2: Ball
3-2: Ground out 6-3 (Groundball, 4, EV 106.9 MPH)
Batting: SHB Victor Ruiz 0-0: Foul Ball, location: 2F
0-1: Foul Ball, location: 2F
0-2: Foul Ball, location: 2F
0-2: Foul Ball, location: 2F
0-2: SINGLE (Groundball, 34D, EV 103.1 MPH)
Batting: LHB Aaron Joyner 0-0: Called Strike
0-1: Ball
1-1: Ball
2-1: Swinging Strike
2-2: Foul Ball, location: 2F
2-2: SINGLE (Groundball, 3S, EV 71.9 MPH) (infield hit)
Victor Ruiz to second
Batting: RHB Mike Gifford 0-0: Ball
1-0: Ground out 4-3 (Groundball, 4, EV 86.9 MPH)
Top of the 3rd over - 0 runs, 2 hits, 0 errors, 2 left on base; Scranton WB 0 - Durham 1
BOTTOM OF THE 3RD
Durham Bulls batting - Pitching for Scranton WB RailRiders : RHP Jason Sterner
Batting: RHB Nick Sharp 0-0: Ground out 5-3 (Groundball, 56, EV 90.0 MPH)
Batting: LHB Mark Marvin 0-0: SINGLE (Groundball, 25, EV 70.0 MPH) (infield hit)
Batting: SHB Lou Kroneman 0-0: Ball
1-0: TRIPLE (Flyball, 9LD, EV 103.8 MPH)
Mark Marvin scores
Batting: RHB David Ward 0-0: Ball
1-0: Called Strike
1-1: Swinging Strike
1-2: Ball
2-2: Foul Ball, location: 2F
2-2: Ball
3-2: Base on Balls
Batting: LHB Davion Lewis 0-0: Called Strike
0-1: Ball
1-1: Ball
2-1: Called Strike
2-2: Fielders Choice at 2nd, 3-6 (Groundball, 3, EV 90.6 MPH)
Lou Kroneman scores
Batting: LHB Jake Rheaume 0-0: Ball
1-0: Ball
2-0: Called Strike
2-1: Foul Ball, location: 2F
2-2: Strikes out looking
Bottom of the 3rd over - 2 runs, 2 hits, 0 errors, 1 left on base; Scranton WB 0 - Durham 3
TOP OF THE 4TH
Scranton WB RailRiders batting - Pitching for Durham Bulls : RHP Scott Shank
Batting: LHB Jose Lebron 0-0: Foul Ball, location: 2F
0-1: Called Strike
0-2: Ball
1-2: Strikes out looking
Batting: SHB Joe Fure 0-0: Ball
1-0: Ball
2-0: Ball
3-0: Called Strike
3-1: Ground out 4-3 (Groundball, 4, EV 78.8 MPH)
Batting: RHB Johannes Gutermuth 0-0: Called Strike
0-1: Swinging Strike
0-2: Strikes out looking
Top of the 4th over - 0 runs, 0 hits, 0 errors, 0 left on base; Scranton WB 0 - Durham 3
BOTTOM OF THE 4TH
Durham Bulls batting - Pitching for Scranton WB RailRiders : RHP Jason Sterner
Batting: RHB Jeff Brower 0-0: Called Strike
0-1: Ball
1-1: Ball
2-1: Ball
3-1: Foul Ball, location: 2F
3-2: Foul Ball, location: 2F
3-2: Base on Balls
Batting: RHB Jonathan Fraire 0-0: Ball
1-0: Swinging Strike
1-1: Ball
2-1: Fielders Choice at 2nd, 5-4 (Groundball, 5S, EV 80.6 MPH)
Batting: LHB Mario Ocana 0-0: Ball
1-0: Foul Ball, location: 2F
1-1: Ball
2-1: Grounds into double play, 4-6-3 (Groundball, 4, EV 83.8 MPH)
Bottom of the 4th over - 0 runs, 0 hits, 0 errors, 0 left on base; Scranton WB 0 - Durham 3
TOP OF THE 5TH
Scranton WB RailRiders batting - Pitching for Durham Bulls : RHP Scott Shank
Batting: RHB Devon Utley 0-0: Swinging Strike
0-1: Called Strike
0-2: Strikes out swinging, 2-3 out at first.
Batting: SHB Edwin Dominguez 0-0: Called Strike
0-1: Ball
1-1: Foul Ball, location: 2F
1-2: Ball
2-2: Ground out 6-3 (Groundball, P, EV 91.2 MPH)
Batting: SHB Mukhtar Wa'il 0-0: Ball
1-0: Called Strike
1-1: SINGLE (Groundball, 4MD, EV 96.2 MPH)
Batting: SHB Victor Ruiz 0-0: Ball
1-0: Foul Ball, location: 2F
1-1: Ball
2-1: Ball
3-1: Foul Ball, location: 2F
3-2: Foul Ball, location: 2F
3-2: Base on Balls
Mukhtar Wa'il to second
Batting: LHB Aaron Joyner 0-0: Ball
1-0: Foul Ball, location: 2F
1-1: Ball
2-1: Ball
3-1: Swinging Strike
3-2: Fly out, F7 (Flyball, 78M, EV 89.4 MPH)
Top of the 5th over - 0 runs, 1 hit, 0 errors, 2 left on base; Scranton WB 0 - Durham 3
BOTTOM OF THE 5TH
Durham Bulls batting - Pitching for Scranton WB RailRiders : RHP Jason Sterner
Batting: RHB Nick Sharp 0-0: Ball
1-0: SINGLE (Groundball, 6S, EV 68.8 MPH) (infield hit)
Batting: LHB Mark Marvin 0-0: Called Strike
0-1: Ball
1-1: Swinging Strike
1-2: Ball
2-2: Ball
3-2: Foul Ball, location: 2F
3-2: Fielders Choice at 2nd, 4-6 (Groundball, 4, EV 81.2 MPH)
Batting: SHB Lou Kroneman 0-0: Ball
1-0: Foul Ball, location: 2F
1-1: Ball
2-1: Ball
3-1: DOUBLE (Groundball, 5L, EV 105.0 MPH)
Mark Marvin to third
Batting: RHB David Ward 0-0: Foul Ball, location: 2F
0-1: DOUBLE (Groundball, 3D, EV 98.8 MPH)
Mark Marvin scores
Lou Kroneman scores
Pitching: RHP Leo Gonzales
Batting: LHB Davion Lewis 0-0: Foul Ball, location: 2F
0-1: Ball
1-1: Swinging Strike
1-2: Foul Ball, location: 2F
1-2: Ball
2-2: Ground out 4-3 (Groundball, 4, EV 106.9 MPH)
David Ward to third
Batting: LHB Jake Rheaume 0-0: Ball
Wild Pitch!
David Ward scores
1-0: Called Strike
1-1: Fly out, F7 (Flyball, 78S, EV 96.2 MPH)
Bottom of the 5th over - 3 runs, 3 hits, 0 errors, 0 left on base; Scranton WB 0 - Durham 6
TOP OF THE 6TH
Scranton WB RailRiders batting - Pitching for Durham Bulls : RHP Scott Shank
Batting: RHB Mike Gifford 0-0: Swinging Strike
0-1: Called Strike
0-2: Ball
1-2: Foul Ball, location: 2F
1-2: Strikes out swinging
Batting: LHB Jose Lebron 0-0: Foul Ball, location: 2F
0-1: Ball
1-1: Ball
2-1: Foul Ball, location: 2F
2-2: Strikes out swinging
Batting: SHB Joe Fure 0-0: Ground out 4-3 (Groundball, 4, EV 90.0 MPH)
Top of the 6th over - 0 runs, 0 hits, 0 errors, 0 left on base; Scranton WB 0 - Durham 6
BOTTOM OF THE 6TH
Durham Bulls batting - Pitching for Scranton WB RailRiders : RHP Leo Gonzales
Batting: RHB Jeff Brower 0-0: Called Strike
0-1: Ball
1-1: Foul Ball, location: 2F
1-2: Strikes out looking
Batting: RHB Jonathan Fraire 0-0: SINGLE (Flyball, 3D, EV 99.4 MPH)
Batting: LHB Mario Ocana 0-0: Ball
1-0: Ball
2-0: Called Strike
2-1: Swinging Strike
2-2: Fly out, F9 (Line Drive, 89M, EV 93.1 MPH)
Batting: RHB Nick Sharp 0-0: Called Strike
Jonathan Fraire steals 2nd base
0-1: Swinging Strike
0-2: Ball
1-2: Ground out 6-3 (Groundball, 6, EV 99.4 MPH)
Bottom of the 6th over - 0 runs, 1 hit, 0 errors, 1 left on base; Scranton WB 0 - Durham 6
TOP OF THE 7TH
Scranton WB RailRiders batting - Pitching for Durham Bulls : RHP Scott Shank
Batting: RHB Johannes Gutermuth 0-0: Foul Ball, location: 2F
0-1: Ball
1-1: Foul Ball, location: 2F
1-2: Fly out, F9 (Flyball, 9D, EV 105.0 MPH)
Batting: RHB Devon Utley 0-0: Ground out 5-3 (Groundball, 5, EV 83.1 MPH)
Batting: SHB Edwin Dominguez 0-0: Called Strike
0-1: Foul Ball, location: 2F
0-2: Ball
1-2: Ground out 5-3 (Groundball, 56, EV 85.0 MPH)
Top of the 7th over - 0 runs, 0 hits, 0 errors, 0 left on base; Scranton WB 0 - Durham 6
BOTTOM OF THE 7TH
Durham Bulls batting - Pitching for Scranton WB RailRiders : RHP Leo Gonzales
Batting: LHB Mark Marvin 0-0: Called Strike
0-1: Foul Ball, location: 2F
0-2: Ball
1-2: Ball
2-2: SINGLE (Groundball, 34, EV 100.6 MPH)
Batting: SHB Lou Kroneman 0-0: DOUBLE (Flyball, 78XD, EV 110.6 MPH)
Mark Marvin to third
Batting: RHB David Ward 0-0: Ball
1-0: Ball
2-0: Fly out, F9 (Flyball, 9S, EV 79.4 MPH)
Batting: LHB Davion Lewis 0-0: Ball
1-0: Ball
2-0: Called Strike
2-1: Foul Ball, location: 2F
2-2: Strikes out looking
Batting: LHB Jake Rheaume 0-0: Swinging Strike
0-1: Foul Ball, location: 2F
0-2: Foul Ball, location: 2F
0-2: Ball
1-2: Ball
2-2: Strikes out swinging
Bottom of the 7th over - 0 runs, 2 hits, 0 errors, 2 left on base; Scranton WB 0 - Durham 6
TOP OF THE 8TH
Scranton WB RailRiders batting - Pitching for Durham Bulls : RHP Scott Shank
Batting: SHB Mukhtar Wa'il 0-0: Ball
1-0: Ball
2-0: Ball
3-0: Called Strike
3-1: Swinging Strike
3-2: Base on Balls
Pitching: RHP Ray Willenbrink
Batting: SHB Victor Ruiz 0-0: Foul Ball, location: 2F
0-1: Ball
1-1: Swinging Strike
1-2: Ball
2-2: Foul Ball, location: 2F
2-2: Foul Ball, location: 2F
2-2: Strikes out swinging
Batting: LHB Aaron Joyner 0-0: Swinging Strike
0-1: DOUBLE (Line Drive, 78D, EV 103.8 MPH)
Mukhtar Wa'il to third
Batting: RHB Mike Gifford 0-0: Ball
1-0: Ball
2-0: Ball
3-0: Base on Balls
Batting: LHB Jose Lebron 0-0: Ball
1-0: Ball
2-0: Called Strike
2-1: Foul Ball, location: 2F
2-2: Ball
3-2: Foul Ball, location: 2F
3-2: Foul Ball, location: 2F
3-2: Foul Ball, location: 2F
3-2: Foul Ball, location: 2F
3-2: Fielders Choice at 2nd, 4-6 (Groundball, 34, EV 103.1 MPH)
Mukhtar Wa'il scores
Aaron Joyner to third
Pitching: RHP Nate Russano
Batting: SHB Joe Fure 0-0: Called Strike
0-1: Ball
1-1: Ball
2-1: Foul Ball, location: 2F
2-2: Ball
3-2: Base on Balls
Jose Lebron to second
Batting: RHB Johannes Gutermuth 0-0: Ball
1-0: Ball
Wild Pitch!
Aaron Joyner scores
Jose Lebron to third
Joe Fure to second
2-0: SINGLE (Groundball, 6MD, EV 95.0 MPH)
Jose Lebron scores
Joe Fure to third
Runner from 3rd tries for Home, SAFE, throw by CF to home
Johannes Gutermuth to second
Batting: RHB Devon Utley 0-0: Ball
1-0: Foul Ball, location: 2F
1-1: Ball
2-1: Ball
3-1: Called Strike
3-2: Base on Balls
Pitching: RHP Eric Hudson
Batting: SHB Edwin Dominguez 0-0: Foul Ball, location: 2F
0-1: Called Strike
0-2: Ball
1-2: Fielders Choice at 2nd, U6 (Groundball, 6M, EV 81.2 MPH)
Top of the 8th over - 4 runs, 2 hits, 0 errors, 2 left on base; Scranton WB 4 - Durham 6
BOTTOM OF THE 8TH
Durham Bulls batting - Pitching for Scranton WB RailRiders : RHP Leo Gonzales
Pitching: RHP Jose Tavira
Batting: RHB Jeff Brower 0-0: Called Strike
0-1: Ball
1-1: Foul Ball, location: 2F
1-2: Ball
2-2: Ball
3-2: Foul Ball, location: 2F
3-2: Strikes out swinging
Batting: RHB Jonathan Fraire 0-0: Ground out 6-3 (Groundball, 6, EV 99.4 MPH)
Batting: LHB Mario Ocana 0-0: Ground out 6-3 (Groundball, 6, EV 83.1 MPH)
Bottom of the 8th over - 0 runs, 0 hits, 0 errors, 0 left on base; Scranton WB 4 - Durham 6
TOP OF THE 9TH
Scranton WB RailRiders batting - Pitching for Durham Bulls : RHP Eric Hudson
Pitching: RHP Alec Murphy
Batting: SHB Mukhtar Wa'il 0-0: Ball
1-0: Foul Ball, location: 2F
1-1: Called Strike
1-2: Fly out, F6 (Popup, 6M, EV 76.2 MPH)
Batting: SHB Victor Ruiz 0-0: Foul Ball, location: 2F
0-1: Ball
1-1: Called Strike
1-2: Strikes out swinging
Batting: LHB Aaron Joyner 0-0: Ball
1-0: Foul Ball, location: 2F
1-1: Ground out U3 (Groundball, 3, EV 86.9 MPH)
Top of the 9th over - 0 runs, 0 hits, 0 errors, 0 left on base; Scranton WB 4 - Durham 6
Thursday, December 15th , 2022 - OOTP Baseball 23.9 Build 102